 Dungeon Crawl Stone Soup version 0.31.0-9-g3a7656b989 (webtiles) character file.

Game seed: 10626029670348480704

99 qw the Shooter (level 4, -1/22 HPs)
             Began as a Spriggan Hunter on Feb 2, 2024.
             Slain by an orc
             ... wielding a +0 short sword
              (2 damage)
             ... on level 3 of the Dungeon.
             The game lasted 00:00:07 (1713 turns).

qw the Shooter (Spriggan Hunter)                    Turns: 1713, Time: 00:00:07

Health: -1/22      AC:  2    Str:  7    XL:     4   Next: 45%
Magic:  5/5        EV: 20    Int: 10    God:
Gold:   176        SH:  0    Dex: 20    Spells: 3/3 levels left

rFire   . . .        a - +0 shortbow
rCold   . . .        (shield currently unavailable)
rNeg    . . .        c - +0 robe
rPois   .            (helmet restricted)
rElec   .            (no cloak)
rCorr   .            (gloves unavailable)
SInv    +            (boots unavailable)
Will    .....        (no amulet)
Stlth   ++           (no ring)
HPRegen 0.23/turn    (no ring)
MPRegen 0.09/turn

%: no passive effects
@: mighty, very quick
A: very small, no large weapons, unfitting armour, see invisible, speed 3
a: no special abilities


You were on level 3 of the Dungeon.
You visited 1 branch of the dungeon, and saw 3 of its levels.

You collected 176 gold pieces.


Innate Abilities, Weirdness & Mutations

You are very small and have problems with some larger weapons.
You are too small for most types of armour.
You have supernaturally acute eyesight. (SInv)
You cover ground extremely quickly. (Speed+++)


   Skills:
 - Level 1.5 Fighting
 - Level 5.0 Ranged Weapons
 + Level 4.9 Dodging
 - Level 1.5 Stealth


You had 3 spell levels left.
You didn't know any spells.
Your spell library was empty.

Inventory:

Hand Weapons
 a - a +0 shortbow (weapon)
Armour
 c - a +0 robe (worn)
Scrolls
 b - a scroll of enchant armour
Potions
 f - a potion of haste

Dungeon Overview and Level Annotations

Branches:
Dungeon (3/15)

Altars:
The Shining One


Message History

1704 ||| DRINKING inky potion.
It was a potion of might.
You feel very mighty all of a sudden.
The orc wizard gestures at you while chanting.
You easily resist.
The orc misses you.
1705 ||| DRINKING purple potion.
It was a potion of curing.
You feel better.
The orc wizard points at you and mumbles some strange words.
The magic dart hits you! The orc closely misses you.
You shoot an arrow.
The arrow closely misses the orc wizard.
The orc wizard completely misses you. The orc closely misses you.
You shoot an arrow. The arrow hits the orc wizard.
The orc wizard is moderately wounded.
The orc wizard points at you and mumbles some strange words.
The magic dart hits you! The orc completely misses you.
You shoot an arrow. The arrow misses the orc wizard.
The orc wizard closely misses you. The orc misses you.
You shoot an arrow.
The arrow hits the orc wizard but does no damage.
The orc wizard is moderately wounded.
The orc wizard gestures wildly while chanting.
The orc wizard flickers and vanishes for a moment.
The orc closely misses you.
You shoot an arrow. The arrow hits the orc wizard.
The orc wizard is moderately wounded.
The orc wizard hits you with a +0 dagger.
The orc closely misses you.
You shoot an arrow. The arrow hits the orc wizard!
The orc wizard is severely wounded.
The orc wizard casts a spell at you.
You easily resist.
The orc barely misses you. The orc misses you.
The orc wizard closely misses you.
You shoot an arrow.
The arrow hits the orc wizard but does no damage.
The orc wizard is severely wounded.
The orc wizard hits you with a +0 dagger.
The orc hits you with a +0 short sword.
You shoot an arrow.
The arrow closely misses the orc wizard.
The orc wizard completely misses you. The orc hits you with a +0 short sword.
You die...

###### .....# ########
##.#.# ##......## #####
#...## ##........##.....
##...#####..........#.....
##....##.................
##.#[#..................
#...................###
##..........@).........
##..........oo.........
##..%..........).......#
#...............)......#
#.........%.....)......#
#.......................
#.......................
#......................#
#...................o..#


You could see an orc wizard (invisible) and an orc.

Vanquished Creatures
  3 adders
  3 dart slugs
  A ribbon worm (D:2)
  6 orcs (D:3)
  5 bats
  8 endoplasms
  3 giant cockroaches
  3 goblins
  6 hobgoblins
  5 kobolds
  A quokka (D:1)
  5 ball pythons
  2 frilled lizards (D:2)
  2 rats (D:1)
  A spectral hobgoblin (D:1)
54 creatures vanquished.

Notes
Turn   | Place    | Note
-------+----------+-------------------------------------------
     0 | D:1      | qw the Spriggan Hunter began the quest for the Orb.
     0 | D:1      | Reached XP level 1. HP: 10/10 MP: 2/2
     0 | D:1      | 0 ||| qw: Version: 0.3-a-155-g5e7d8dd
     0 | D:1      | 0 ||| qw: Game counter: 744
     0 | D:1      | 0 ||| qw: Melee chars always use a shield: true
     0 | D:1      | 0 ||| qw: God list: Okawaru
     0 | D:1      | 0 ||| qw: Allow faded altars: false
     0 | D:1      | 0 ||| qw: Do Orc after clearing Dungeon:15 true
     0 | D:1      | 0 ||| qw: Do second Lair branch before Depths: true
     0 | D:1      | 0 ||| qw: Lair rune preference: random
     0 | D:1      | 0 ||| qw: Goals: Normal
     0 | D:1      | 0 ||| PLANNING D:1-11
    27 | D:1      | Reached skill level 3 in Dodging
    69 | D:1      | Found a faded altar of an unknown god.
   151 | D:1      | Reached XP level 2. HP: 14/14 MP: 3/3
   807 | D:1      | 807 ||| READING scroll labelled EFAIRU TYVUREA.
   808 | D:1      | 808 ||| READING scroll labelled EGHUKI DIXEA.
   808 | D:1      | 808 ||| IDENTIFYING brown potion
   809 | D:1      | 809 ||| READING scroll labelled ATUCYN YFES.
   813 | D:1      | 813 ||| DRINKING 2 blue potions.
   814 | D:1      | 814 ||| DROPPING scroll of butterflies.
   815 | D:1      | 815 ||| DROPPING potion of attraction.
   816 | D:1      | 816 ||| DROPPING potion of brilliance.
   858 | D:2      | Reached XP level 3. HP: 12/18 MP: 4/4
  1117 | D:2      | Found a glowing golden altar of the Shining One.
  1313 | D:2      | Reached skill level 5 in Ranged Weapons
  1468 | D:2      | 1468 ||| READING scroll of identify.
  1468 | D:2      | 1468 ||| IDENTIFYING viscous cyan potion
  1469 | D:2      | 1469 ||| READING 2 scrolls labelled MADACE KIMIN.
  1469 | D:2      | 1469 ||| ENCHANTING +0 shortbow.
  1470 | D:2      | 1470 ||| READING scroll labelled DAYQAICUMI.
  1471 | D:2      | 1471 ||| READING scroll labelled UFRAAS LEILOF.
  1473 | D:2      | 1473 ||| Stepping ~*~*~tactically~*~*~ (cloud).
  1477 | D:2      | HP: 4/18 [poisoned by you (poison gas)]
  1564 | D:3      | Reached XP level 4. HP: 22/22 MP: 5/5
  1688 | D:3      | 1688 ||| RETREEEEATING.
  1689 | D:3      | 1689 ||| RETREEEEATING.
  1691 | D:3      | 1691 ||| RETREEEEATING.
  1704 | D:3      | 1704 ||| DRINKING inky potion.
  1705 | D:3      | 1705 ||| DRINKING purple potion.
  1710 | D:3      | HP: 5/22 [orc wizard/+0 dagger (2)]
  1712 | D:3      | HP: 1/22 [orc/+0 short sword (3)]
  1713 | D:3      | Slain by an orc

Levels and vault maps discovered:
D:1:      dpeg_arrival_connections, layout_loops_ring,
          dreamdust_ecumenical_altar_drowned_temple, minmay_crystal_water,
          grunt_decor_junction
D:2:      layout_rooms, basic_altar, hangedman_decor_points, minmay_between
D:3:      layout_basic, minmay_pentangle

Skill      XL: |  1  2  3 |
---------------+----------+-----
Dodging        | 3 4 |  4.9
Ranged Weapons | 5 |  5.0
Fighting       | |  1.5
Stealth        | |  1.5

Action                     |  1- 3 |  4- 6 || total
---------------------------+-------+-------++-------
   Fire: Shortbow          |   108 |    55 ||   163
    Use: Scroll            |     7 |       ||     7
         Potion            |     1 |     2 ||     3
 Armour: Robe              |    10 |    11 ||    21
  Dodge: Dodged            |    36 |    33 ||    69

Table legend:
 A = Non-vault XP
 B = Vault XP
 C = Vault XP percentage of total XP
 D = Non-vault monster count
 E = Vault monster count
 F = Vault count percentage of total count
                 A         B        C        D         E       F
            +---------+---------+-------+---------+---------+-------
      Total |     137 |       5 |   3.5 |      50 |       4 |   7.4
            +---------+---------+-------+---------+---------+-------
        D:1 |      39 |       1 |   2.5 |      21 |       1 |   4.5
        D:2 |      52 |       4 |   7.1 |      15 |       3 |  16.7
        D:3 |      46 |       0 |   0.0 |      14 |       0 |   0.0
            +---------+---------+-------+---------+---------+-------
